 Dungeon Crawl Stone Soup version 0.28.0 (webtiles) character file.

Game seed: 18165940478042827528

30 DrunkBamboolord the Skirmisher (level 3, -2/33 HPs)
             Began as a Minotaur Fighter on Feb 11, 2022.
             Slain by a kobold (4 damage)
             ... on level 1 of the Dungeon.
             The game lasted 00:00:52 (491 turns).

DrunkBamboolord the Skirmisher (Minotaur Fighter)    Turns: 491, Time: 00:00:52

Health: -2/33      AC:  7    Str: 22    XL:     3   Next: 3%
Magic:  2/2        EV:  9    Int:  5    God:
Gold:   15         SH:  4    Dex:  9    Spells: 2/2 levels left

rFire   . . .      SeeInvis .   a - +0 trident
rCold   . . .      Faith    .   c - +0 buckler
rNeg    . . .      Spirit   .   b - +0 scale mail
rPois   .          Reflect  .   (helmet restricted)
rElec   .          Harm     .   (no cloak)
rCorr   .          Rampage  .   (no gloves)
Will    .....                   (no boots)
Stlth   ..........              (no amulet)
HPRegen 0.11/turn               (no ring)
MPRegen 0.08/turn               (no ring)

@: no status effects
A: horns 2, retaliatory headbutt
a: no special abilities


You were on level 1 of the Dungeon.
You visited 1 branch of the dungeon, and saw 1 of its levels.

You collected 15 gold pieces.

Inventory:

Hand Weapons
 a - a +0 trident (weapon)
Armour
 b - a +0 scale mail (worn)
 c - a +0 buckler (worn)
Potions
 d - a potion of might


   Skills:
 * Level 4.3 Fighting
 * Level 2.9 Polearms
 * Level 3.9 Armour
 - Level 4.0 Shields


You had 2 spell levels left.
You didn't know any spells.
Your spell library was empty.

Dungeon Overview and Level Annotations

Branches:
Dungeon (1/15)

Altars:


Innate Abilities, Weirdness & Mutations

You have a pair of horns on your head.
You reflexively headbutt those who attack you in melee.


Message History

You kill the dart slug!
The dart slug launches a dart at you. The slug dart hits you.
The kobold throws a stone.
The stone hits you but does no damage.
You hit the dart slug.
The dart slug is moderately wounded.
A kobold comes into view. It is wielding a +0 club.
The dart slug closely misses you.
The kobold shouts!
You puncture the dart slug!
You kill the dart slug!
The kobold closely misses you.
You have reached level 3!
Your experience leads to an increase in your attributes!
Increase (S)trength, (I)ntelligence, or (D)exterity?
You feel stronger. x2
You closely miss the kobold. The kobold hits you but does no damage.
You are electrocuted!
You barely miss the kobold. You headbutt the kobold.
The kobold is moderately wounded.
The ball python barely misses you. The ball python closely misses you.
The kobold hits you with a +2 short sword of electrocution.
The ball python closely misses you. You furiously retaliate!
You headbutt the ball python. You block the ball python's attack.
The ball python closely misses you. You furiously retaliate!
You headbutt the ball python!
You kill the ball python!
The kobold throws a stone.
The stone hits you but does no damage.
You closely miss the ball python.
The ball python is moderately wounded.
You block the ball python's attack. x2
You hit the ball python.
You kill the ball python!
You barely miss the kobold. Your headbutt misses the kobold.
You hit the kobold but do no damage. The kobold hits you but does no damage.
You are electrocuted!!
Ouch! That really hurt!
* * * LOW HITPOINT WARNING * * *
The kobold hits you with a +0 club.
You die...

# #<..##....###.
..#.#####...##..####..
#.#.#...#.>##...>##...
#.#.#...#.###...###...
#...#...#..#....##....
###...#...#.##...###..#. .
.....#...#.#....##...#.
..###.#.#K..#.#...###.....
........K@...##..###......
........####..'...##...##. .
....#...####..##..#)...##.
....#####K?.##.....)........
......K.........########....
.......†........# #....
................# #....
...#............# #.... ..
#............# #....


You could see 2 kobolds.

Vanquished Creatures
  2 dart slugs (D:1)
  2 bats (D:1)
  An endoplasm (D:1)
  3 goblins (D:1)
  A hobgoblin (D:1)
  6 jackals (D:1)
  2 quokkas (D:1)
  2 ball pythons (D:1)
  A kobold (D:1)
  3 rats (D:1)
23 creatures vanquished.

Notes
Turn   | Place    | Note
-------+----------+-------------------------------------------
     0 | D:1      | DrunkBamboolord the Minotaur Fighter began the quest for
                  | the Orb.
     0 | D:1      | Reached XP level 1. HP: 19/19 MP: 0/0
   182 | D:1      | Reached XP level 2. HP: 23/27 MP: 1/1
   480 | D:1      | Reached XP level 3. HP: 32/33 MP: 2/2
   491 | D:1      | Slain by a kobold

Illustrated notes

Levels and vault maps discovered:
D:1:      dpeg_arrival_long_road, layout_basic, minmay_ruptured

Skill      XL: |  1  2 |
---------------+-------+-----
Shields        | 4 |  4.0
Fighting       | 4 |  4.3
Polearms       | |  2.9
Armour         | |  3.9

Action                   || total
-------------------------++-------
Melee: Trident           ||    62
       Headbutt          ||     8
Armor: Scale mail        ||    38
Dodge: Dodged            ||    31
Block: Buckler           ||    17
